 Dungeon Crawl Stone Soup version 0.28-a0-1080-g05a166d0ed (webtiles) character file.

Game seed: 6435587793096924204

2 ytrimaz the Vexing (level 1, 0/7 HPs)
             Began as a Felid Enchanter on Dec 9, 2021.
             Slain by a kobold (4 damage)
             ... on level 1 of the Dungeon.
             The game lasted 00:00:10 (38 turns).

ytrimaz the Vexing (Felid Enchanter)                  Turns: 38, Time: 00:00:10

Health: 0/7        AC:  1    Str:  4    XL:     1   Next: 33%
Magic:  4/4        EV: 17    Int: 16    God:
Gold:   0          SH:  0    Dex: 16    Spells: 4/4 levels left
                                        Lives:  0   Deaths: 0

rFire   . . .      SeeInvis +     - Unarmed
rCold   . . .      Faith    .   (shield unavailable)
rNeg    . . .      Spirit   .   (armour unavailable)
rPois   .          Reflect  .   (helmet unavailable)
rElec   .          Harm     .   (cloak unavailable)
rCorr   .          Rampage  .   (gloves unavailable)
Will    .....                   (boots unavailable)
Stlth   +++.......              (no amulet)
HPRegen 0.02/turn               (no ring)
MPRegen 0.09/turn               (no ring)

@: quick
A: very small, claws 1, fangs 3, see invisible, speed 1, shaggy fur 1, stealthy
paws, no weapons or thrown items, no armour, multi-lived
a: no special abilities


You were on level 1 of the Dungeon.
You visited 1 branch of the dungeon, and saw 1 of its levels.

Inventory:

Scrolls
 b - a scroll of summoning {unknown}
Potions
 a - a potion of invisibility


   Skills:
 - Level 2.6 Dodging
 + Level 4.1 Stealth
 - Level 1.0 Unarmed Combat
 + Level 2.0 Spellcasting
 + Level 4.5 Hexes


You had 4 spell levels left.
You didn't know any spells.
Your spell library contained the following spells:

 Spells                   Type           Power      Damage    Failure   Level
 Confusing Touch          Hex            16%        N/A       10%         3
 Tukima's Dance           Hex            16%        N/A       10%         3
 Ensorcelled Hibernation  Hex/Ice        16%        N/A       12%         2
 Dazzling Flash           Conj/Hex       16%        N/A       24%         3


Dungeon Overview and Level Annotations

Branches:
Dungeon (1/15)

Altars:


Innate Abilities, Weirdness & Mutations

You have sharp claws.
You have razor-sharp teeth.
You have supernaturally acute eyesight. (SInv)
You cover ground quickly. (Speed+)
You are covered in fur. (AC +1)
Your paws help you pounce on unaware monsters.
You are incapable of wielding weapons or throwing items.
You cannot wear armour.
You gain extra lives every three experience levels.


Message History

You add the spells Ensorcelled Hibernation, Confusing Touch, Tukima's Dance and Dazzling Flash to your library.
Welcome, ytrimaz the Felid Enchanter.
Will you be the one to retrieve the legendary Orb of Zot from the depths?
Press ? for a list of commands and other information.
Found a staircase leading out of the dungeon.
Unknown command.
Found a ring mail.
Found 8 arrows.
b - a scroll labelled MAURYSOLAOB No target in view!
You open the gate.
A kobold and a dart slug come into view.
Found a scroll labelled APRIUTORRIRR.
Found a stone staircase leading down.
There are monsters nearby!
There are monsters nearby!
There is an open gate here.
You see here a scroll labelled APRIUTORRIRR.
There is a stone staircase leading down here.
Found 10 gold pieces.
The dart slug barely misses you.
You scratch the dart slug.
You bite the dart slug, but do no damage.
The dart slug is lightly wounded.
The kobold misses you. The dart slug barely misses you.
You scratch the dart slug.
The dart slug is severely wounded.
The kobold completely misses you.
You scratch the dart slug but do no damage.
The dart slug is severely wounded.
The dart slug closely misses you. The kobold hits you with a +0 club.
You scratch the dart slug.
The dart slug is severely wounded.
The kobold barely misses you. The dart slug launches a dart at you.
The slug dart misses you.
You scratch the dart slug.
You kill the dart slug!
The kobold closely misses you. The kobold hits you with a +0 club.
Ouch! That really hurt!
You die...

#.. #..(#
###..##'''# ###
#.....#?..#....
#.#....>.......
.....#...#...#.
#.##........##
###...#####
#.####.........
#....@K.#######
######.## #.#
... .... $....#
.....# ...#


You could see a kobold.

Vanquished Creatures
  A dart slug (D:1)
1 creature vanquished.

Notes
Turn   | Place    | Note
-------+----------+-------------------------------------------
     0 | D:1      | ytrimaz the Felid Enchanter began the quest for the Orb.
     0 | D:1      | Reached XP level 1. HP: 7/7 MP: 4/4
    38 | D:1      | Slain by a kobold

Illustrated notes

Levels and vault maps discovered:
D:1:      lemuel_arrival_funnel, layout_loops_cross, serial_shops,
          nicolae_shop_behind_doors, minivault_23

Action                   || total
-------------------------++-------
Melee: Unarmed           ||     5
       Bite              ||     1
Dodge: Dodged            ||     8

Table legend: (Time is in decaauts)
 A = Elapsed time spent in this place.
 B = Non-inter-level travel time spent in this place.
 C = Inter-level travel time spent in this place.
 D = Time resting spent in this place.
 E = Time spent auto-exploring this place.
 F = Levels seen in this place.
 G = Mean time per level.
                   A        B        C        D        E       F      G
               +--------+--------+--------+--------+--------+-----+--------+
         Total |     31 |     31 |      0 |      0 |     16 |   1 |   31.0 |
       Dungeon |     31 |     31 |      0 |      0 |     16 |   1 |   31.0 |
               +--------+--------+--------+--------+--------+-----+--------+

Top non-repeatable levels by time:
     D:1: 31 daAuts
